Map: [ESL] Babylon

Players

StarNaN

  • Race: Protoss Protoss
  • Spawn Location: 11:00

Zain - Winner!

  • Race: Protoss Protoss
  • League: Diamond
  • Spawn Location: 5:00

Event: ESL SC2 Masters 2023 Summer (Finals)

VOD

Have the link to the VOD?

Description

Time

  • Played on: June 16, 2023, 5:39 a.m.
  • Length: 10:36

All games in this series

Show
View Real Time Build Order
Export as new Build Order

StarNaN Protoss 

Build Orders: Oracle Opening 

Get SALT Encoding   

  12  0:00  Probe  
  13  0:12  Probe  
  14  0:19  Pylon  
  14  0:24  Probe  
  15  0:37  Probe (Chrono Boost)  
  15  0:39  Gateway  
  16  0:46  Probe (Chrono Boost)  
  16  0:47  Assimilator  
  17  0:51  Probe (Chrono Boost)  
  18  1:04  Probe (Chrono Boost)  
  19  1:16  Probe (Chrono Boost)  
  19  1:17  Assimilator  
  20  1:18  Pylon  
  20  1:23  Probe (Chrono Boost)  
  21  1:30  Cybernetics Core, Probe  
  22  1:32  Pylon  
  22  1:39  Zealot  
  24  1:43  Probe  
  25  1:55  Probe  
  26  2:04  Pylon  
  27  2:14  Adept  
  28  2:25  Nexus  
  28  2:35  Stargate  
  28  2:40  Probe  
  29  2:49  Stalker  
  31  3:07  Shield Battery  
  31  3:08  Pylon  
  31  3:09  Probe  
  29  3:25  Shield Battery  
  30  3:29  Shield Battery  
  29  3:34  Probe, Oracle (Chrono Boost)  
  30  3:42  Pylon  
  30  3:47  Probe  
  32  3:49  Stalker (Chrono Boost)  
  32  3:52  Pylon  
  32  4:00  Gateway  
  32  4:02  Warp Gate (Chrono Boost)  
  31  4:08  Probe  
  32  4:11  Probe  
  33  4:22  Probe  
  34  4:25  Probe  
  35  4:34  Probe (Chrono Boost)  
  35  4:35  Pylon  
  35  4:37  Probe (Chrono Boost)  
  37  4:42  Twilight Council  
  37  4:46  Probe (Chrono Boost)  
  37  4:49  Probe (Chrono Boost)  
  39  4:55  Probe x2 (Chrono Boost)  
  39  4:58  Pylon  
  41  5:05  Probe  
  42  5:08  Probe  
  42  5:13  Blink (Chrono Boost)  
  43  5:14  Gateway  
  43  5:18  Probe  
  43  5:20  Probe  
  45  5:29  Gateway x2  
  45  5:30  Probe  
  45  5:32  Probe  
  47  5:43  Stalker x2  
  47  5:44  Probe  
  52  5:55  Probe  
  53  5:58  Pylon  
  53  5:59  Gateway  
  53  6:04  Forge  
  53  6:07  Stalker  
  57  6:16  Assimilator  
  57  6:17  Stalker x2  
  61  6:23  Nexus  
  61  6:25  Pylon  
  59  6:32  Stalker  
  59  6:33  Stalker  
  63  6:40  Sentry x2  
  63  6:41  Protoss Ground Weapons Level 1  
  63  6:43  Probe  
  63  6:46  Shield Battery  
  68  6:53  Gateway  
  68  6:55  Pylon  
  68  7:00  Phoenix  
  70  7:02  Probe x2  
  72  7:14  Probe  
  72  7:15  Probe  
  74  7:26  Probe  
  74  7:27  Probe, Stalker x2  
  76  7:30  Stalker  
  78  7:38  Probe  
  78  7:39  Probe, Stalker x2  
  84  7:49  Stalker x2  
  84  7:50  Probe  
  89  7:53  Pylon  
  89  8:02  Stalker x3  
  83  8:18  Stalker x3  
  89  8:26  Stalker x3  
  91  8:28  Probe  
  91  8:32  Probe  
  93  8:34  Probe  
  93  8:40  Probe  
  95  8:42  Stalker x2  
  95  8:43  Stalker  
  101  8:55  Stalker x2  
  103  8:56  Probe  
  103  8:57  Probe  
  103  8:59  Assimilator  
  103  9:02  Stalker  
  109  9:06  Probe  
  110  9:11  Probe  
  110  9:16  Nexus, Stalker x2  
  114  9:19  Pylon  
  110  9:28  Probe  
  110  9:29  Probe  
  110  9:30  Assimilator  
  110  9:32  Pylon, Stalker x2  
  114  9:44  Stalker  
  114  9:51  Stalker  
  114  9:52  Shield Battery  
  116  10:05  Stalker x3  
  99  10:14  Zealot x2  
  81  10:22  Stalker  
  81  10:28  Stalker x3  
Show
View Real Time Build Order
Export as new Build Order

Zain Protoss - Winner!

Build Orders: Oracle Opening, Phoenix Opening 

Get SALT Encoding   

  12  0:00  Probe  
  13  0:12  Probe  
  14  0:20  Pylon  
  14  0:24  Probe  
  15  0:39  Probe (Chrono Boost)  
  15  0:40  Gateway  
  16  0:47  Probe (Chrono Boost)  
  16  0:48  Assimilator  
  17  0:53  Probe  
  18  1:00  Assimilator  
  18  1:05  Probe (Chrono Boost)  
  18  1:06  Pylon  
  19  1:14  Probe (Chrono Boost)  
  20  1:19  Probe (Chrono Boost)  
  21  1:27  Cybernetics Core  
  21  1:31  Probe  
  22  1:35  Pylon  
  22  1:40  Zealot  
  22  1:43  Probe  
  25  1:55  Probe  
  27  2:11  Stalker (Chrono Boost)  
  27  2:12  Stargate  
  28  2:34  Pylon  
  28  2:38  Stalker (Chrono Boost)  
  28  2:42  Nexus  
  30  2:46  Probe  
  31  2:53  Shield Battery  
  31  3:04  Oracle  
  34  3:06  Probe  
  35  3:18  Probe  
  34  3:30  Probe  
  35  3:38  Shield Battery  
  35  3:39  Gateway  
  35  3:43  Probe  
  35  3:44  Phoenix (Chrono Boost)  
  38  3:55  Probe (Chrono Boost)  
  40  4:03  Probe (Chrono Boost)  
  40  4:06  Probe (Chrono Boost)  
  42  4:10  Probe x2 (Chrono Boost)  
  42  4:13  Gateway  
  42  4:15  Twilight Council  
  43  4:21  Probe  
  44  4:26  Probe  
  45  4:33  Probe  
  45  4:38  Probe  
  47  4:40  Robotics Facility  
  48  4:45  Probe  
  48  4:50  Probe  
  49  4:55  Blink (Chrono Boost)  
  49  4:56  Warp Gate (Chrono Boost)  
  51  5:02  Stalker x2  
  51  5:04  Probe  
  54  5:11  Pylon  
  54  5:14  Assimilator  
  54  5:16  Assimilator  
  54  5:20  Pylon  
  54  5:29  Pylon  
  54  5:34  Pylon  
  54  5:38  Probe x2  
  54  5:39  Observer (Chrono Boost)  
  59  5:51  Probe x2  
  59  5:58  Gateway  
  59  6:00  Gateway  
  59  6:03  Probe x2  
  61  6:07  Nexus  
  61  6:08  Pylon  
  61  6:15  Probe x2  
  63  6:24  Gateway x2  
  63  6:27  Probe x2  
  63  6:30  Stalker x3, Shield Battery  
  71  6:39  Probe x2  
  73  6:43  Pylon  
  73  6:47  Gateway  
  73  6:51  Probe, Forge  
  74  6:59  Stalker x2  
  79  7:01  Probe  
  79  7:04  Stalker x3  
  79  7:08  Probe, Pylon  
  86  7:18  Pylon  
  84  7:30  Stalker x4  
  92  7:39  Protoss Ground Weapons Level 1 (Chrono Boost)  
  88  7:50  Stalker x3  
  94  7:54  Probe  
  94  7:57  Stalker x4  
  103  7:59  Pylon  
  103  8:02  Probe  
  103  8:04  Probe  
  105  8:11  Probe  
  102  8:17  Stalker x3  
  102  8:18  Probe  
  109  8:25  Probe  
  108  8:31  Stalker x4  
  108  8:34  Charge (Chrono Boost)  
  116  8:35  Nexus  
  116  8:44  Stalker x2  
  116  8:58  Observer  
  116  9:00  Stalker  
  119  9:08  Stalker x3  
  125  9:17  Pylon  
  125  9:19  Pylon  
  125  9:21  Pylon  
  123  9:31  Stalker  
  123  9:36  Pylon  
  123  9:37  Pylon  
  125  9:41  Zealot x7  
  139  9:48  Probe x2  
  139  9:49  Photon Cannon  
  139  9:50  Probe x2, Shield Battery  
  139  9:52  Pylon  
  143  9:59  Dark Shrine  
  141  10:00  Probe  
  141  10:04  Zealot x8  
  148  10:15  Probe  
  131  10:25  Stalker  
  131  10:26  Stalker x6  
Tags
 
Add a new tag
Caveats
  • Supply blocks, unpowered buildings, or Contaminate may cause inaccurate times.
  • Supply counts are checked every 10 seconds.